 Dungeon Crawl Stone Soup version 0.19-a0-1895-g783e625 (webtiles) character file.

6844 Amnesiac the Grappler (level 10, -18/153 HPs)
             Began as a Troll Berserker on Oct 18, 2016.
             Was an Elder of Trog.
             Demolished by a white ugly thing (30 damage)
             ... on level 12 of the Dungeon.
             The game lasted 00:06:14 (2326 turns).

Amnesiac the Grappler (Troll Berserker)             Turns: 2326, Time: 00:06:14

Health: -18/153    AC:  6    Str: 32    XL:     10   Next: 78%
Magic:  9/9        EV: 13    Int:  3    God:    Trog [****..]
Gold:   201        SH:  0    Dex: 12    Spells: 0 memorised, 9 levels left

rFire  + . .     SeeInvis .       - Unarmed
rCold  . . .     Gourm    +     a - +0 animal skin
rNeg   . . .     Faith    +     (no shield)
rPois  .         Spirit   .     (helmet restricted)
rElec  .         Reflect  .     k - +0 cloak
rCorr  .         Harm     .     (gloves unavailable)
MR     .....                    (boots unavailable)
Stlth  ..........               l - amulet of faith
                                (no ring)
                                v - ring of protection from fire

@: berserking (expiring), very quick
A: unfitting armour, claws 3, fast metabolism 3, gourmand, regeneration 1,
shaggy fur 1, tough skin 2
a: Berserk, Trog's Hand, Brothers in Arms, Burn Spellbooks, Renounce Religion


You were on level 12 of the Dungeon.
You worshipped Trog.
Trog was greatly pleased with you.
You were very full.

You visited 2 branches of the dungeon, and saw 13 of its levels.

You collected 291 gold pieces.
You spent 90 gold pieces at shops.

Inventory:

Hand Weapons
 f - a +0 blowgun
Armour
 a - a +0 animal skin (worn)
 k - a +0 cloak (worn)
Jewellery
 c - an uncursed ring of ice
 l - an amulet of faith (around neck)
 v - a ring of protection from fire (left claw)
Wands
 j - a wand of iceblast (10/15)
 y - a wand of lightning (9/15)
 z - a wand of acid (10/15)
 B - a wand of flame (33/48)
 E - a wand of polymorph (18/24)
Scrolls
 d - a scroll of remove curse {unknown}
 e - 4 scrolls of identify
 i - 2 scrolls of enchant weapon {unknown}
 r - 2 scrolls of amnesia {unknown}
 s - a scroll of blinking {unknown}
 u - a scroll of teleportation {unknown}
 x - a scroll of fear
 C - a scroll of enchant armour {unknown}
 F - a scroll of recharging {unknown}
Potions
 m - 2 potions of heal wounds
 t - a potion of ambrosia
 w - a potion of agility
 A - a potion of cure mutation {unknown}
Books
 h - a book of Misfortune

   Spells                             Type                      Level
   a - Confusing Touch                Hexes                        1
   b - Confuse                        Hexes                        3
   c - Gell's Gravitas                Hexes/Translocation          3
   d - Petrify                        Transmutation/Earth          4
   e - Metabolic Englaciation         Hexes/Ice                    5
   f - Yara's Violent Unravelling     Hexes/Transmutation          5
   Trog disapproves of the use of such an item.
 p - a book of Minor Magic

   Spells                             Type                      Level
   a - Magic Dart                     Conjuration                  1
   b - Blink                          Translocation                2
   c - Call Imp                       Summoning                    2
   d - Repel Missiles                 Charms/Air                   2
   e - Slow                           Hexes                        2
   f - Conjure Flame                  Conjuration/Fire             3
   g - Mephitic Cloud                 Conjuration/Poison/Air       3
   Trog disapproves of the use of such an item.
 q - a book of Minor Magic

   Spells                             Type                      Level
   a - Magic Dart                     Conjuration                  1
   b - Blink                          Translocation                2
   c - Call Imp                       Summoning                    2
   d - Repel Missiles                 Charms/Air                   2
   e - Slow                           Hexes                        2
   f - Conjure Flame                  Conjuration/Fire             3
   g - Mephitic Cloud                 Conjuration/Poison/Air       3
   Trog disapproves of the use of such an item.
Comestibles
 b - 4 bread rations
 g - a beef jerky
 n - 4 meat rations
 o - a royal jelly
 D - 9 chunks of flesh


   Skills:
 + Level 7.4 Fighting
 + Level 7.5 Dodging
 * Level 11.8 Unarmed Combat


You had 9 spell levels left.
You didn't know any spells.

Dungeon Overview and Level Annotations

Branches:
Dungeon (12/15)              Lair (1/6) D:8
 Temple: D:4-7          Orc: D:9-12

Altars:
Ashenzari
Dithmenos

Shops:
D:8 ?


Innate Abilities, Weirdness & Mutations

You are too large for most types of armour.
You have claws for hands.
Your metabolism is lightning-fast.
You like to eat raw meat.
Your natural rate of healing is unusually fast.
You are covered in fur. (AC +1)
You have very tough skin. (AC +2)


Message History

The troll barely misses you.
You barely miss the troll.
The troll is severely wounded.
You mangle the troll!!
You kill the troll!
Trog accepts your kill.
You mangle the white ugly thing!!
The white ugly thing is heavily wounded.
You barely miss the white ugly thing.
The white ugly thing is heavily wounded.
The white ugly thing trunk-slaps you! The white ugly thing freezes you!!
* * * LOW HITPOINT WARNING * * *
You closely miss the white ugly thing.
The white ugly thing is heavily wounded.
You completely miss the white ugly thing.
The white ugly thing is heavily wounded.
The white ugly thing trunk-slaps you!
* * * LOW HITPOINT WARNING * * *
The white ugly thing freezes you!!
You die...

###########
..........#
#.........#
#....u....#
#.....###.#
..... #u#
...... #@#
......###.#
..........#
..........#
.........#
##.###..#
#....[.#
#......#
#......#


You could see a white ugly thing.

Vanquished Creatures
  The ghost of Nattefrost the Spear-Bearer, a novice FoFi of Okawaru (D:9)
  The ghost of dvd the Zephyrmancer, a novice HEAE of Sif Muna (D:8)
  An ugly thing (D:12)
  A komodo dragon (D:8)
  2 trolls (D:12)
  3 hippogriffs
  5 yaks (D:10)
  Sigmund (D:4)
  Grum (D:8)
  A mottled dragon (D:12)
  Edmund (D:4)
  A water moccasin (D:8)
  An ice beast (D:8)
  A sky beast (D:8)
  2 ogres
  A necrophage (D:12)
  2 phantoms
  7 centaurs
  4 wolves (D:8)
  A crocodile (Lair:1)
  3 bullfrogs
  A big kobold (D:9)
  A scorpion (D:4)
  3 killer bees (D:9)
  2 howler monkeys
  3 wights (D:8)
  3 crimson imps (D:9)
  A bullfrog zombie (D:6)
  A centaur skeleton (D:9)
  2 orc priests
  2 orc wizards
  A hound zombie (D:8)
  A hound skeleton (D:11)
  A worker ant zombie (D:5)
  7 gnolls
  5 adders
  3 shadow imps
  2 oozes
  A worm (D:5)
  15 orcs
  A ball python (D:3)
  4 giant cockroaches
  4 hobgoblins
  2 jackals (D:8)
  10 kobolds
  2 quokkas
  2 bats
  2 frilled lizards
123 creatures vanquished.

Vanquished Creatures (others)
  A plant (D:8)
1 creature vanquished.

Grand Total: 124 creatures vanquished

Notes
Turn   | Place    | Note
-------+----------+-------------------------------------------
     0 | D:1      | Amnesiac the Troll Berserker began the quest for the Orb.
     0 | D:1      | Reached XP level 1. HP: 22/22 MP: 0/0
    81 | D:1      | Reached XP level 2. HP: 14/29 MP: 1/1
   285 | D:3      | Found a shadowy altar of Dithmenos.
   448 | D:4      | Noticed a scorpion
   456 | D:4      | Killed a scorpion
   456 | D:4      | Reached skill level 4 in Unarmed Combat
   456 | D:4      | Reached XP level 3. HP: 36/36 MP: 2/2
   456 | D:4      | Reached XP level 4. HP: 44/44 MP: 3/3
   510 | D:4      | Noticed Edmund
   535 | D:4      | Killed Edmund
   535 | D:4      | Reached skill level 5 in Unarmed Combat
   535 | D:4      | Reached XP level 5. HP: 53/53 MP: 4/4
   576 | D:4      | Noticed Sigmund
   595 | D:4      | Killed Sigmund
   595 | D:4      | Reached XP level 6. HP: 34/61 MP: 5/5
   641 | D:5      | Entered Level 5 of the Dungeon
   646 | D:5      | Reached ** piety under Trog
   695 | D:5      | Reached XP level 7. HP: 55/68 MP: 6/6
   702 | D:5      | Found a shattered altar of Ashenzari.
   794 | D:6      | Reached skill level 6 in Unarmed Combat
   961 | D:8      | Noticed a hippogriff
   966 | D:8      | Noticed a hippogriff
   975 | D:8      | Killed a hippogriff
   975 | D:8      | Reached skill level 7 in Unarmed Combat
   975 | D:8      | Reached XP level 8. HP: 35/79 MP: 7/7
  1063 | D:8      | Reached skill level 5 in Dodging
  1087 | D:8      | Found Xotystru's Magic Scroll Shop.
  1093 | D:8      | Bought a scroll of identify for 24 gold pieces
  1093 | D:8      | Bought a scroll of fear for 42 gold pieces
  1093 | D:8      | Bought a scroll of identify for 24 gold pieces
  1143 | D:8      | Noticed Grum
  1149 | D:8      | Reached skill level 5 in Fighting
  1155 | D:8      | Killed Grum
  1155 | D:8      | Reached skill level 8 in Unarmed Combat
  1223 | D:8      | Noticed dvd's ghost (novice HEAE)
  1232 | D:8      | Killed dvd's ghost
  1232 | D:8      | Reached *** piety under Trog
  1232 | D:8      | Reached skill level 9 in Unarmed Combat
  1232 | D:8      | Reached XP level 9. HP: 65/89 MP: 8/8
  1456 | D:8      | Found a staircase to the Lair.
  1459 | D:8      | Noticed a komodo dragon
  1464 | D:8      | Killed a komodo dragon
  1491 | Lair:1   | Entered Level 1 of the Lair of Beasts
  1547 | D:9      | Noticed Nattefrost's ghost (novice FoFi)
  1563 | D:9      | Killed Nattefrost's ghost
  1563 | D:9      | Reached skill level 10 in Unarmed Combat
  1806 | D:9      | Reached XP level 10. HP: 78/100 MP: 9/9
  1846 | D:10     | Entered Level 10 of the Dungeon
  1858 | D:10     | Reached **** piety under Trog
  1902 | D:10     | Reached skill level 11 in Unarmed Combat
  2223 | D:12     | Noticed a purple ugly thing
  2230 | D:12     | Killed a purple ugly thing
  2306 | D:12     | Noticed a white ugly thing
  2326 | D:12     | Demolished by a white ugly thing

Vault maps used:
D:1:      elethiomel_arrival_maze
D:2:      okawaru_trees_2
D:3:      nicolae_dithmenos_shadow_blocks, overflow_temple_1_default,
          fedhas_altar_3, first_bread, solitary_fountain
D:4:      uniq_pikel, uniq_edmund, uniq_blork_the_orc, uniq_sigmund
D:5:      kennysheep_little_box, lemuel_crystal_altar, serial_shops,
          kennysheep_mini_moat
D:6:      bloody_trog, serial_glass, glass_columns_a, glass_columns_a,
          uniq_grinder
D:8:      david_lair_shrubbed, serial_shops, shop, serial_corexii_hall,
          corexii_hall_statues_i, corexii_hall_statues_i, uniq_grum
D:9:      erik_orc_1, kennysheep_nondescript
D:10:     uniq_psyche
Lair:1:   beast_lair_carwin_6, infiniplex_staircase_pool

Skill      XL: |  1  2  3  4  5  6  7  8  9 10 |
---------------+-------------------------------+-----
Unarmed Combat | 4 5 7 9 10 11 | 11.8
Fighting       | 3 4 5 6 7 |  7.4
Dodging        | 3 4 5 6 7 |  7.5

Action                   |  1- 3 |  4- 6 |  7- 9 | 10-12 || total
-------------------------+-------+-------+-------+-------++-------
Melee: Unarmed           |    57 |    53 |   210 |   114 ||   434
       Punch             |       |       |     7 |     5 ||    12
Invok: Berserk           |     1 |     2 |     6 |     2 ||    11
  Use: Scroll            |       |       |     4 |       ||     4
 Stab: Sleeping          |       |       |       |     1 ||     1
  Eat: Chunk             |    10 |     4 |    16 |     7 ||    37
Armor: Animal skin       |    29 |    17 |    62 |    24 ||   132
Dodge: Dodged            |    30 |    19 |   143 |    69 ||   261
